Bruins vs Flames
Created - February 16, 2025 at 21:33
Goals
|
| Bruins |
0 |
3 |
1 |
4 |
| Flames |
1 |
2 |
2 |
5 |
|
Shots
|
| Bruins |
0 |
17 |
6 |
23 |
| Flames |
7 |
16 |
13 |
36 |
|
1st period
1. Flames , Jimmy Hayes 20 (Jake DeBrusk 23, Eric Staal 31) at 15:46 (PP)
Penalties :
Jason Demers (Bos) for Holding Stick (Minor) at 5:11, Jonathan Toews (Bos) for Holding (Minor) at 15:07, Jason Demers (Bos) for Slashing (Minor) at 16:15, Brett Pesce (Bos) for Delaying the game (Minor) at 19:25
2nd period
2. Flames , Jake DeBrusk 18 (Eric Staal 32) at 0:17 (PP)
3. Bruins , Gabriel Landeskog 25 (Zack Kassian 36) at 0:56
4. Bruins , Adam Pelech 2 (Mattias Ekholm 4) at 8:38
5. Bruins , Gabriel Landeskog 26 (Zack Kassian 37, Jonathan Toews 30) at 9:02 (PP)
6. Flames , Kyle Palmieri 4 (Kevin Labanc 15, Esa Lindell 18) at 13:43
Penalties :
Rasmus Andersson (Cal) for Roughing (Minor) at 3:55, Erik Johnson (Cal) for Interference (Minor) at 8:55, Torey Krug (Bos) for Goalie Interference (Minor) at 16:55
3rd period
7. Flames , Kyle Palmieri 5 (Jake DeBrusk 24, Kevin Labanc 16) at 3:03
8. Bruins , Zack Kassian 18 (Jason Demers 20, Gabriel Landeskog 23) at 3:20
9. Flames , Bryan Rust 17 (Esa Lindell 19, Christian Folin 9) at 9:40
Penalties :
Josh Manson (Bos) for Slashing (Minor) at 13:10, Craig Smith (Bos) for Hooking (Minor) at 16:02, Patrik Berglund (Cal) for Goalie Interference (Minor) at 17:25
Goalie Stats
Kevin Poulin (Bos), 31 saves from 36 shots - (0.861), L, 21-16-8, 59:39 minutes
Christopher Gibson (Cal), 19 saves from 23 shots - (0.826), W, 24-12-2, 60:00 minutes
Players Stats for Bruins
Player Name G A P +/- PIM S H SB GA TA FO MP PP MP PK MP
------------------------------------------------------------------------------------
Adam Pelech 1 0 1 1 0 1 2 0 1 0 0/0 11:31 0:00 0:24
Alexander Wennberg 0 0 0 -1 0 2 0 0 0 0 5/9 15:02 1:41 0:34
Andreas Athanasiou 0 0 0 1 0 0 2 0 0 0 0/0 7:26 0:00 0:00
Brett Pesce 0 0 0 -1 2 0 0 0 0 0 0/0 3:17 0:00 0:24
Casey Cizikas 0 0 0 1 0 2 0 0 0 0 2/8 11:57 0:00 1:20
Craig Smith 0 0 0 -1 2 1 3 0 1 0 0/0 14:40 1:52 0:00
Eric Wellwood 0 0 0 0 0 0 1 0 0 0 0/0 12:43 0:21 0:56
Gabriel Landeskog 2 1 3 0 0 5 1 1 1 1 7/15 27:21 1:38 6:17
Jason Demers 0 1 1 1 4 3 2 2 0 1 0/0 26:55 2:08 4:18
Jonathan Toews 0 1 1 0 2 1 2 0 0 0 11/18 18:22 1:37 2:58
Josh Manson 0 0 0 -2 2 1 0 2 0 0 0/0 19:44 1:21 3:09
Madison Bowey 0 0 0 2 0 0 1 2 0 1 0/0 26:03 2:08 6:31
Mark Stone 0 0 0 0 0 0 0 1 0 0 0/0 10:39 0:00 0:00
Mattias Ekholm 0 1 1 1 0 0 0 1 0 0 0/0 13:45 0:00 3:41
Torey Krug 0 0 0 -2 2 3 4 3 2 0 0/0 20:35 1:21 3:13
Wojtek Wolski 0 0 0 -1 0 2 1 0 0 0 0/1 17:41 1:41 3:11
Zack Kassian 1 2 3 0 0 2 0 1 3 0 0/1 23:20 1:37 6:24
Zemgus Girgensons 0 0 0 1 0 0 0 0 0 0 0/0 7:26 0:00 0:00
Players Stats for Flames
Player Name G A P +/- PIM S H SB GA TA FO MP PP MP PK MP
------------------------------------------------------------------------------------
Anders Lee 0 0 0 0 0 0 1 0 0 0 2/3 10:17 0:00 0:57
Brad Marchand 0 0 0 -1 0 2 3 0 0 0 0/1 19:06 0:14 1:43
Bryan Rust 1 0 1 -1 0 1 2 2 0 1 1/3 18:18 0:04 1:25
Christian Folin 0 1 1 2 0 2 1 0 1 2 0/0 21:53 4:42 2:20
Colby Robak 0 0 0 0 0 0 1 0 0 0 0/0 12:20 0:16 1:21
David Ullstrom 0 0 0 0 0 2 1 0 0 0 0/0 9:26 0:00 1:18
Eric Staal 0 2 2 -1 0 3 2 1 1 0 15/28 22:11 5:37 0:28
Erik Johnson 0 0 0 -2 2 3 0 2 0 2 0/0 28:34 5:52 1:55
Esa Lindell 0 2 2 2 0 6 1 0 0 2 0/0 19:09 4:42 0:11
Evgeny Svechnikov 0 0 0 0 0 3 1 0 0 0 0/0 12:56 5:05 0:00
Jake DeBrusk 1 2 3 1 0 3 3 0 1 0 0/0 15:41 5:45 0:00
Jimmy Hayes 1 0 1 0 0 1 4 0 0 0 1/1 16:25 5:35 0:00
Kevin Labanc 0 2 2 1 0 1 0 0 0 0 0/0 9:29 0:00 0:00
Kyle Palmieri 2 0 2 1 0 3 0 0 0 0 4/6 9:29 0:00 0:00
Patrik Berglund 0 0 0 0 2 3 1 0 0 0 4/10 16:52 5:04 1:07
Rasmus Andersson 0 0 0 0 2 0 0 0 0 0 0/0 11:17 0:16 0:19
Sami Vatanen 0 0 0 -2 0 0 4 0 0 1 0/0 26:51 5:52 0:52
Tanner Pearson 0 0 0 0 0 3 1 1 0 0 0/0 15:38 5:05 0:00
3 Stars
1 - Jake DeBrusk (Cal)
2 - Gabriel Landeskog (Bos)
3 - Kyle Palmieri (Cal)
Power Play
Bruins - 1 on 3 Attempt(s) - 33.33%
Flames - 2 on 7 Attempt(s) - 28.57%
Penalty Kill
Bruins - 5 on 7 Attempt(s) - 71.43%
- Score 0 goal in Penalty Kill
Flames - 2 on 3 Attempt(s) - 66.67%
- Score 0 goal in Penalty Kill
Team Stat
Bruins - Hits : 19 - Faceoff Wins : 25 - Blocked Shots : 13 - Penalty Minutes : 14
Flames - Hits : 26 - Faceoff Wins : 27 - Blocked Shots : 6 - Penalty Minutes : 6
Official
Referees : Gord Dwyer and Ghislain Hebert
Linesman : Ryan Gibbons and Pierre Racicot
Game Notes
No Game Note
Finance
Level 1 -- Attendance: 6000 (100.00%) -- Ticket Income $600,000
Level 2 -- Attendance: 5000 (100.00%) -- Ticket Income $350,000
Level 3 -- Attendance: 2000 (100.00%) -- Ticket Income $80,000
Level 4 -- Attendance: 3723 (93.08%) -- Ticket Income $111,690
Luxury Box -- Attendance: 1000 (100.00%) -- Ticket Income $200,000
Game was played at the Scotiabank Saddledome.
Total Attendance: 17723 (98.46%)
Total Ticket Income: $1,341,690
Other Income: $201,254
Total Income: $1,542,944
Bruins
5 vs 5 Forward
Center Left Wing Right Wing Time % Phy DF OF
1 Jonathan Toews Gabriel Landeskog Zack Kassian 40 1 2 2
2 Alexander Wennberg Wojtek Wolski Craig Smith 30 1 2 2
3 Casey Cizikas Eric Wellwood Mark Stone 20 1 2 2
4 Gabriel Landeskog Zemgus Girgensons Andreas Athanasiou 10 1 2 2
5 vs 5 Defense
Defense Defense Time % Phy DF OF
1 Jason Demers Madison Bowey 40 1 2 2
2 Torey Krug Josh Manson 30 1 2 2
3 Adam Pelech Mattias Ekholm 20 1 2 2
4 Brett Pesce Jason Demers 10 1 2 2
PowerPlay Forward
Center Left Wing Right Wing Time % Phy DF OF
1 Jonathan Toews Gabriel Landeskog Zack Kassian 60 1 2 2
2 Alexander Wennberg Wojtek Wolski Craig Smith 40 1 2 2
PowerPlay Defense
Defense Defense Time % Phy DF OF
1 Jason Demers Madison Bowey 60 1 2 2
2 Torey Krug Josh Manson 40 1 2 2
Penalty Kill 4 Players Forward
Center Wing Time % Phy DF OF
1 Gabriel Landeskog Zack Kassian 60 1 2 2
2 Jonathan Toews Wojtek Wolski 40 1 2 2
Penalty Kill 4 Players Defense
Defense Defense Time % Phy DF OF
1 Jason Demers Madison Bowey 60 1 2 2
2 Torey Krug Josh Manson 40 1 2 2
Penalty Kill - 3 Players Forward
Forward Time % Phy DF OF
1 Gabriel Landeskog 60 1 2 2
2 Zack Kassian 40 1 2 2
Penalty Kill - 3 Players Defense
Defense Defense Time % Phy DF OF
1 Jason Demers Madison Bowey 60 1 2 2
2 Torey Krug Josh Manson 40 1 2 2
4 vs 4 Forward
Center Wing Time % Phy DF OF
1 Gabriel Landeskog Zack Kassian 60 1 2 2
2 Jonathan Toews Wojtek Wolski 40 1 2 2
4 vs 4 Defense
Defense Defense Time % Phy DF OF
1 Jason Demers Madison Bowey 60 1 2 2
2 Torey Krug Josh Manson 40 1 2 2
Last Minutes Offensive
Center Left Wing Right Wing Defense Defense
Jonathan Toews Gabriel Landeskog Zack Kassian Jason Demers Madison Bowey
Last Minutes Defensive
Center Left Wing Right Wing Defense Defense
Jonathan Toews Gabriel Landeskog Zack Kassian Jason Demers Madison Bowey
Goaltenders
Starting : Kevin Poulin
Backup : Tuukka Rask
Extra Forwards
Normal : Eric Wellwood, Mark Stone, Casey Cizikas - PP : Eric Wellwood, Mark Stone - PK : Casey Cizikas
Extra Defensemen
Normal : Adam Pelech, Mattias Ekholm, Brett Pesce - PP : Adam Pelech - PK : Mattias Ekholm, Brett Pesce
Penalty Shots
Gabriel Landeskog, Zack Kassian, Jonathan Toews, Wojtek Wolski, Alexander Wennberg
Custom OT Lines Forwards
Gabriel Landeskog, Zack Kassian, Jonathan Toews, Wojtek Wolski, Alexander Wennberg, Craig Smith, Eric Wellwood, Mark Stone, Casey Cizikas, Andreas Athanasiou
Custom OT Lines Defensemen
Jason Demers, Madison Bowey, Torey Krug, Josh Manson, Adam Pelech
Scratches
John Quenneville (Healthy), Walker Duehr (Healthy)
Flames
5 vs 5 Forward
Center Left Wing Right Wing Time % Phy DF OF
1 Eric Staal Brad Marchand Bryan Rust 40 1 2 2
2 Patrik Berglund Tanner Pearson Jimmy Hayes 30 1 2 2
3 Kyle Palmieri Jake DeBrusk Kevin Labanc 20 1 2 2
4 Anders Lee David Ullstrom Evgeny Svechnikov 10 1 2 2
5 vs 5 Defense
Defense Defense Time % Phy DF OF
1 Erik Johnson Sami Vatanen 40 1 2 2
2 Esa Lindell Christian Folin 30 1 2 2
3 Colby Robak Rasmus Andersson 20 1 2 2
4 Erik Johnson Sami Vatanen 10 1 2 2
PowerPlay Forward
Center Left Wing Right Wing Time % Phy DF OF
1 Eric Staal Jake DeBrusk Jimmy Hayes 60 1 1 3
2 Patrik Berglund Tanner Pearson Evgeny Svechnikov 40 1 1 3
PowerPlay Defense
Defense Defense Time % Phy DF OF
1 Erik Johnson Sami Vatanen 60 1 1 3
2 Esa Lindell Christian Folin 40 1 1 3
Penalty Kill 4 Players Forward
Center Wing Time % Phy DF OF
1 Patrik Berglund Brad Marchand 60 1 3 1
2 Eric Staal Bryan Rust 40 1 3 1
Penalty Kill 4 Players Defense
Defense Defense Time % Phy DF OF
1 Erik Johnson Christian Folin 60 1 3 1
2 Colby Robak Rasmus Andersson 40 1 3 1
Penalty Kill - 3 Players Forward
Forward Time % Phy DF OF
1 Eric Staal 60 1 3 1
2 Patrik Berglund 40 1 3 1
Penalty Kill - 3 Players Defense
Defense Defense Time % Phy DF OF
1 Erik Johnson Christian Folin 60 1 3 1
2 Colby Robak Rasmus Andersson 40 1 3 1
4 vs 4 Forward
Center Wing Time % Phy DF OF
1 Eric Staal Brad Marchand 60 1 2 2
2 Patrik Berglund Bryan Rust 40 1 2 2
4 vs 4 Defense
Defense Defense Time % Phy DF OF
1 Erik Johnson Sami Vatanen 60 1 2 2
2 Esa Lindell Christian Folin 40 1 2 2
Last Minutes Offensive
Center Left Wing Right Wing Defense Defense
Eric Staal Brad Marchand Bryan Rust Erik Johnson Sami Vatanen
Last Minutes Defensive
Center Left Wing Right Wing Defense Defense
Eric Staal Brad Marchand Bryan Rust Erik Johnson Sami Vatanen
Goaltenders
Starting : Christopher Gibson
Backup : Michael Hutchinson
Extra Forwards
Normal : Bryan Rust, Jake DeBrusk, Patrik Berglund - PP : Tanner Pearson, Brad Marchand - PK : Bryan Rust
Extra Defensemen
Normal : Esa Lindell, Christian Folin, Colby Robak - PP : Esa Lindell - PK : Sami Vatanen, Colby Robak
Penalty Shots
Eric Staal, Jake DeBrusk, Jimmy Hayes, Tanner Pearson, Kevin Labanc
Custom OT Lines Forwards
Eric Staal, Jake DeBrusk, Patrik Berglund, Bryan Rust, Jimmy Hayes, Brad Marchand, Tanner Pearson, Evgeny Svechnikov, Kevin Labanc, Kyle Palmieri
Custom OT Lines Defensemen
Erik Johnson, Sami Vatanen, Christian Folin, Esa Lindell, Colby Robak
Scratches
Matthew Nieto (Healthy), Victor Rask (Healthy)
% Time on Ice - Bruins
Lines # - Real PCT - Wanted PCT - Time Play
Normal Forward
1 - 32% - 40% - 14:27
2 - 29% - 30% - 12:49
3 - 22% - 20% - 9:53
4 - 17% - 10% - 7:26
Normal Defense
1 - 38% - 40% - 17:04
2 - 33% - 30% - 14:49
3 - 23% - 20% - 10:04
4 - 6% - 10% - 2:38
PP Forward
1 - 52% - 60% - 1:48
2 - 48% - 40% - 1:41
PP Defense
1 - 61% - 60% - 2:08
2 - 39% - 40% - 1:21
PK Forward
1 - 71% - 60% - 7:39
2 - 29% - 40% - 3:11
PK Defense
1 - 64% - 60% - 6:55
2 - 36% - 40% - 3:55
PK3 Forward
1 - 0% - 60%
2 - 0% - 40%
PK3 Defense
1 - 0% - 60%
2 - 0% - 40%
44 Forward
1 - 100% - 60% - 0:36
2 - 0% - 40% - 0:00
44 Defense
1 - 100% - 60% - 0:36
2 - 0% - 40% - 0:00
Last Minute Offensive - 0:30
Last Minute Defensive - 0:00
Total
Forward - 60:00
Defense - 60:00
|
% Time on Ice - Flames
Lines # - Real PCT - Wanted PCT - Time Play
Normal Forward
1 - 37% - 40% - 16:20
2 - 25% - 30% - 10:56
3 - 21% - 20% - 9:29
4 - 18% - 10% - 7:51
Normal Defense
1 - 41% - 40% - 18:09
2 - 33% - 30% - 14:30
3 - 23% - 20% - 10:20
4 - 4% - 10% - 1:37
PP Forward
1 - 53% - 60% - 5:45
2 - 47% - 40% - 5:05
PP Defense
1 - 54% - 60% - 5:52
2 - 46% - 40% - 4:58
PK Forward
1 - 87% - 60% - 3:01
2 - 13% - 40% - 0:28
PK Defense
1 - 56% - 60% - 1:57
2 - 44% - 40% - 1:32
PK3 Forward
1 - 0% - 60%
2 - 0% - 40%
PK3 Defense
1 - 0% - 60%
2 - 0% - 40%
44 Forward
1 - 100% - 60% - 0:36
2 - 0% - 40% - 0:00
44 Defense
1 - 75% - 60% - 0:27
2 - 25% - 40% - 0:09
Last Minute Offensive - 0:00
Last Minute Defensive - 0:29
Total
Forward - 60:00
Defense - 60:00
|
Play-by-Play
1st period
0:01 of 1st period - Jonathan Toews wins face-off versus Bryan Rust in neutral zone.
0:08 of 1st period - Wrist shot by Jonathan Toews.
0:08 of 1st period - Shot Misses the Net.
0:26 of 1st period - Jimmy Hayes is hit by Craig Smith and loses puck.
1:07 of 1st period - Torey Krug is hit by Colby Robak and loses puck.
1:11 of 1st period - Icing by Colby Robak.
1:12 of 1st period - Gabriel Landeskog wins face-off versus Anders Lee in Flames zone.
2:38 of 1st period - Snap shot by Evgeny Svechnikov.
2:38 of 1st period - Stopped by Kevin Poulin without a rebound.
2:39 of 1st period - Alexander Wennberg wins face-off versus Eric Staal in Bruins zone.
2:44 of 1st period - Eric Staal is hit by Torey Krug and loses puck.
3:42 of 1st period - Slapshot by Eric Staal.
3:42 of 1st period - Shot Misses the Net.
3:44 of 1st period - Wrist shot by Bryan Rust.
3:44 of 1st period - Shot Misses the Net.
4:04 of 1st period - Josh Manson is hit by Jimmy Hayes.
5:11 of 1st period - Minor Penalty to Jason Demers for Holding Stick.
5:12 of 1st period - Eric Staal wins face-off versus Gabriel Landeskog in Bruins zone.
5:48 of 1st period - Slapshot by Patrik Berglund.
5:48 of 1st period - Shot Blocked by Torey Krug.
7:11 of 1st period - Penalty to Jason Demers is over, Jason Demers is back on ice.
8:17 of 1st period - Bryan Rust is hit by Jason Demers and loses puck.
8:52 of 1st period - Andreas Athanasiou is hit by Sami Vatanen and loses puck.
9:03 of 1st period - Wrist shot by Evgeny Svechnikov.
9:03 of 1st period - Shot Misses the Net.
11:06 of 1st period - Jason Demers is hit by Bryan Rust and loses puck.
11:13 of 1st period - Snap shot by Eric Staal.
11:13 of 1st period - Shot Misses the Net.
11:25 of 1st period - Evgeny Svechnikov is hit by Craig Smith and loses puck.
11:38 of 1st period - Adam Pelech is hit by Jimmy Hayes and loses puck.
12:26 of 1st period - Zemgus Girgensons is hit by Sami Vatanen and loses puck.
12:46 of 1st period - Mark Stone is hit by Tanner Pearson.
12:50 of 1st period - Wrist shot by Patrik Berglund.
12:50 of 1st period - Stopped by Kevin Poulin without a rebound.
12:51 of 1st period - Eric Staal wins face-off versus Casey Cizikas in Bruins zone.
13:23 of 1st period - Snap shot by Kevin Labanc.
13:23 of 1st period - Deflect By Jake DeBrusk.
13:23 of 1st period - Shot Misses the Net.
13:23 of 1st period - Puck is out of play.
13:24 of 1st period - Kyle Palmieri wins face-off versus Alexander Wennberg in Bruins zone.
13:52 of 1st period - Icing by Eric Staal.
13:53 of 1st period - Jonathan Toews wins face-off versus Eric Staal in Flames zone.
14:00 of 1st period - Jason Demers is hit by Brad Marchand and loses puck.
14:47 of 1st period - Eric Wellwood is hit by Evgeny Svechnikov.
14:52 of 1st period - Icing by David Ullstrom.
14:53 of 1st period - Anders Lee wins face-off versus Jonathan Toews in Flames zone.
15:07 of 1st period - Minor Penalty to Jonathan Toews for Holding.
15:08 of 1st period - Eric Staal wins face-off versus Gabriel Landeskog in Bruins zone.
15:42 of 1st period - Slapshot by Tanner Pearson.
15:42 of 1st period - Stopped by Kevin Poulin without a rebound.
15:43 of 1st period - Eric Staal wins face-off versus Gabriel Landeskog in Bruins zone.
15:44 of 1st period - Snap shot by Jake DeBrusk.
15:44 of 1st period - Shot Misses the Net.
15:46 of 1st period - Wrist shot by Jimmy Hayes.
15:46 of 1st period - Goal by Jimmy Hayes - Bruins : 0 - Flames : 1.
15:47 of 1st period - Jonathan Toews wins face-off versus Brad Marchand in neutral zone.
16:15 of 1st period - Minor Penalty to Jason Demers for Slashing.
16:16 of 1st period - Eric Staal wins face-off versus Gabriel Landeskog in Bruins zone.
16:24 of 1st period - Slapshot by Sami Vatanen.
16:24 of 1st period - Shot Blocked by Gabriel Landeskog.
16:26 of 1st period - Snap shot by Jake DeBrusk.
16:26 of 1st period - Stopped by Kevin Poulin with a rebound.
16:28 of 1st period - Slapshot by Erik Johnson.
16:28 of 1st period - Stopped by Kevin Poulin with a rebound.
16:30 of 1st period - Slapshot by Erik Johnson.
16:30 of 1st period - Shot Blocked by Mattias Ekholm.
16:32 of 1st period - Slapshot by Eric Staal.
16:32 of 1st period - Stopped by Kevin Poulin with a rebound.
16:58 of 1st period - Torey Krug is hit by Sami Vatanen and loses puck.
18:15 of 1st period - Penalty to Jason Demers is over, Jason Demers is back on ice.
19:10 of 1st period - Kevin Labanc is hit by Adam Pelech and loses puck.
19:25 of 1st period - Minor Penalty to Brett Pesce for Delaying the game.
19:26 of 1st period - Gabriel Landeskog wins face-off versus Patrik Berglund in Bruins zone.
19:39 of 1st period - Zack Kassian is hit by Esa Lindell and loses puck.
Goals for this period are 0 for Bruins vs 1 for Flames.
Shots for this period are 0 for Bruins vs 7 for Flames.
2nd period
0:01 of 2nd period - Gabriel Landeskog wins face-off versus Eric Staal in neutral zone.
0:04 of 2nd period - Backhand shot by Jason Demers.
0:04 of 2nd period - Stopped by Christopher Gibson without a rebound.
0:05 of 2nd period - Eric Staal wins face-off versus Gabriel Landeskog in Flames zone.
0:10 of 2nd period - Gabriel Landeskog is hit by Jimmy Hayes and loses puck.
0:17 of 2nd period - Slapshot by Jake DeBrusk.
0:17 of 2nd period - Goal by Jake DeBrusk - Bruins : 0 - Flames : 2.
0:18 of 2nd period - Eric Staal wins face-off versus Jonathan Toews in neutral zone.
0:21 of 2nd period - Jonathan Toews is hit by Brad Marchand and loses puck.
0:37 of 2nd period - Madison Bowey is hit by Eric Staal and loses puck.
0:56 of 2nd period - Slapshot by Gabriel Landeskog.
0:56 of 2nd period - Goal by Gabriel Landeskog - Bruins : 1 - Flames : 2.
0:57 of 2nd period - Alexander Wennberg wins face-off versus Patrik Berglund in neutral zone.
1:06 of 2nd period - Wrist shot by Alexander Wennberg.
1:06 of 2nd period - Stopped by Christopher Gibson with a rebound.
1:24 of 2nd period - Bryan Rust is hit by Gabriel Landeskog and loses puck.
2:33 of 2nd period - Snap shot by Anders Lee.
2:33 of 2nd period - Shot Blocked by Torey Krug.
2:35 of 2nd period - Slapshot by Esa Lindell.
2:35 of 2nd period - Shot Misses the Net.
2:37 of 2nd period - Backhand shot by Esa Lindell.
2:37 of 2nd period - Stopped by Kevin Poulin without a rebound.
2:38 of 2nd period - Eric Staal wins face-off versus Casey Cizikas in Bruins zone.
3:27 of 2nd period - Snap shot by Craig Smith.
3:27 of 2nd period - Deflect By Alexander Wennberg.
3:27 of 2nd period - Shot Misses the Net.
3:27 of 2nd period - Puck is out of play.
3:28 of 2nd period - Kyle Palmieri wins face-off versus Alexander Wennberg in Flames zone.
3:53 of 2nd period - Snap shot by Craig Smith.
3:53 of 2nd period - Stopped by Christopher Gibson with a rebound.
3:55 of 2nd period - Minor Penalty to Rasmus Andersson for Roughing.
3:56 of 2nd period - Jonathan Toews wins face-off versus Patrik Berglund in Flames zone.
4:11 of 2nd period - Wrist shot by Zack Kassian.
4:11 of 2nd period - Shot Misses the Net.
4:13 of 2nd period - Snap shot by Jonathan Toews.
4:13 of 2nd period - Stopped by Christopher Gibson with a rebound.
5:16 of 2nd period - Erik Johnson is hit by Craig Smith and loses puck.
5:55 of 2nd period - Penalty to Rasmus Andersson is over, Rasmus Andersson is back on ice.
6:06 of 2nd period - Josh Manson is hit by Jake DeBrusk and loses puck.
6:57 of 2nd period - Mattias Ekholm is hit by Anders Lee and loses puck.
7:42 of 2nd period - Slapshot by David Ullstrom.
7:42 of 2nd period - Stopped by Kevin Poulin with a rebound.
7:44 of 2nd period - Snap shot by Evgeny Svechnikov.
7:44 of 2nd period - Shot Misses the Net.
8:15 of 2nd period - Snap shot by Patrik Berglund.
8:15 of 2nd period - Stopped by Kevin Poulin with a rebound.
8:26 of 2nd period - Off-side.
8:27 of 2nd period - Kyle Palmieri wins face-off versus Casey Cizikas in neutral zone.
8:38 of 2nd period - Slapshot by Adam Pelech.
8:38 of 2nd period - Goal by Adam Pelech - Bruins : 2 - Flames : 2.
8:39 of 2nd period - Jonathan Toews wins face-off versus Eric Staal in neutral zone.
8:55 of 2nd period - Minor Penalty to Erik Johnson for Interference.
8:56 of 2nd period - Jonathan Toews wins face-off versus Patrik Berglund in Flames zone.
9:02 of 2nd period - Slapshot by Gabriel Landeskog.
9:02 of 2nd period - Goal by Gabriel Landeskog - Bruins : 3 - Flames : 2.
9:03 of 2nd period - Jonathan Toews wins face-off versus Eric Staal in neutral zone.
9:12 of 2nd period - Slapshot by Jonathan Toews.
9:12 of 2nd period - Shot Misses the Net.
9:14 of 2nd period - Wrist shot by Madison Bowey.
9:14 of 2nd period - Shot Misses the Net.
9:30 of 2nd period - Craig Smith is hit by Patrik Berglund and loses puck.
9:34 of 2nd period - Icing by Madison Bowey.
9:35 of 2nd period - Patrik Berglund wins face-off versus Alexander Wennberg in Bruins zone.
9:46 of 2nd period - Snap shot by Alexander Wennberg.
9:46 of 2nd period - Stopped by Christopher Gibson without a rebound.
9:47 of 2nd period - Jonathan Toews wins face-off versus Eric Staal in Flames zone.
9:58 of 2nd period - Wrist shot by Jonathan Toews.
9:58 of 2nd period - Shot Blocked by Erik Johnson.
10:04 of 2nd period - Snap shot by Zack Kassian.
10:04 of 2nd period - Stopped by Christopher Gibson with a rebound.
10:36 of 2nd period - Snap shot by Casey Cizikas.
10:36 of 2nd period - Stopped by Christopher Gibson with a rebound.
10:38 of 2nd period - Slapshot by Torey Krug.
10:38 of 2nd period - Stopped by Christopher Gibson with a rebound.
10:40 of 2nd period - Slapshot by Josh Manson.
10:40 of 2nd period - Stopped by Christopher Gibson without a rebound.
10:41 of 2nd period - Eric Staal wins face-off versus Casey Cizikas in Flames zone.
10:58 of 2nd period - Wrist shot by Eric Staal.
10:58 of 2nd period - Shot Blocked by Mark Stone.
11:33 of 2nd period - Snap shot by Wojtek Wolski.
11:33 of 2nd period - Stopped by Christopher Gibson with a rebound.
11:49 of 2nd period - Slapshot by Torey Krug.
11:49 of 2nd period - Stopped by Christopher Gibson with a rebound.
11:51 of 2nd period - Slapshot by Torey Krug.
11:51 of 2nd period - Shot Misses the Net.
11:53 of 2nd period - Snap shot by Andreas Athanasiou.
11:53 of 2nd period - Shot Misses the Net.
11:55 of 2nd period - Slapshot by Torey Krug.
11:55 of 2nd period - Stopped by Christopher Gibson with a rebound.
13:29 of 2nd period - Wrist shot by Kyle Palmieri.
13:29 of 2nd period - Stopped by Kevin Poulin without a rebound.
13:30 of 2nd period - Alexander Wennberg wins face-off versus Kyle Palmieri in Bruins zone.
13:41 of 2nd period - Snap shot by Kevin Labanc.
13:41 of 2nd period - Stopped by Kevin Poulin with a rebound.
13:43 of 2nd period - Wrist shot by Kyle Palmieri.
13:43 of 2nd period - Goal by Kyle Palmieri - Bruins : 3 - Flames : 3.
13:44 of 2nd period - Eric Staal wins face-off versus Jonathan Toews in neutral zone.
13:59 of 2nd period - Snap shot by Jonathan Toews.
13:59 of 2nd period - Shot Misses the Net.
14:05 of 2nd period - Gabriel Landeskog is hit by Brad Marchand and loses puck.
14:46 of 2nd period - Wrist shot by Casey Cizikas.
14:46 of 2nd period - Shot Blocked by Erik Johnson.
14:48 of 2nd period - Wrist shot by Casey Cizikas.
14:48 of 2nd period - Stopped by Christopher Gibson with a rebound.
15:02 of 2nd period - Wrist shot by David Ullstrom.
15:02 of 2nd period - Stopped by Kevin Poulin without a rebound.
15:03 of 2nd period - Anders Lee wins face-off versus Gabriel Landeskog in Bruins zone.
15:08 of 2nd period - Snap shot by Evgeny Svechnikov.
15:08 of 2nd period - Stopped by Kevin Poulin with a rebound.
15:10 of 2nd period - Slapshot by Esa Lindell.
15:10 of 2nd period - Stopped by Kevin Poulin with a rebound.
15:22 of 2nd period - Christian Folin is hit by Andreas Athanasiou and loses puck.
15:47 of 2nd period - Snap shot by Evgeny Svechnikov.
15:47 of 2nd period - Stopped by Kevin Poulin with a rebound.
15:57 of 2nd period - Slapshot by Christian Folin.
15:57 of 2nd period - Stopped by Kevin Poulin without a rebound.
15:58 of 2nd period - Alexander Wennberg wins face-off versus Bryan Rust in Bruins zone.
16:24 of 2nd period - Craig Smith is hit by Jake DeBrusk and loses puck.
16:38 of 2nd period - Snap shot by Wojtek Wolski.
16:38 of 2nd period - Stopped by Christopher Gibson without a rebound.
16:39 of 2nd period - Casey Cizikas wins face-off versus Eric Staal in Flames zone.
16:40 of 2nd period - Backhand shot by Eric Wellwood.
16:40 of 2nd period - Shot Misses the Net.
16:55 of 2nd period - Minor Penalty to Torey Krug for Goalie Interference.
16:56 of 2nd period - Gabriel Landeskog wins face-off versus Eric Staal in Bruins zone.
16:56 of 2nd period - Gabriel Landeskog is hit by Eric Staal.
17:28 of 2nd period - Icing by Evgeny Svechnikov.
17:29 of 2nd period - Jonathan Toews wins face-off versus Patrik Berglund in Flames zone.
17:54 of 2nd period - Snap shot by Evgeny Svechnikov.
17:54 of 2nd period - Deflect By Eric Staal.
17:54 of 2nd period - Stopped by Kevin Poulin with a rebound.
17:56 of 2nd period - Slapshot by Erik Johnson.
17:56 of 2nd period - Stopped by Kevin Poulin without a rebound.
17:57 of 2nd period - Gabriel Landeskog wins face-off versus Eric Staal in Bruins zone.
17:57 of 2nd period - Gabriel Landeskog is hit by Christian Folin.
18:21 of 2nd period - Madison Bowey is hit by Jimmy Hayes.
18:25 of 2nd period - Wrist shot by Jimmy Hayes.
18:25 of 2nd period - Shot Misses the Net.
18:27 of 2nd period - Snap shot by Jimmy Hayes.
18:27 of 2nd period - Shot Misses the Net.
18:29 of 2nd period - Slapshot by Esa Lindell.
18:29 of 2nd period - Deflect By Jason Demers.
18:29 of 2nd period - Stopped by Kevin Poulin without a rebound.
18:30 of 2nd period - Patrik Berglund wins face-off versus Jonathan Toews in Bruins zone.
18:41 of 2nd period - Snap shot by Evgeny Svechnikov.
18:41 of 2nd period - Shot Blocked by Josh Manson.
18:43 of 2nd period - Snap shot by Erik Johnson.
18:43 of 2nd period - Stopped by Kevin Poulin without a rebound.
18:44 of 2nd period - Eric Staal wins face-off versus Gabriel Landeskog in Bruins zone.
18:55 of 2nd period - Penalty to Torey Krug is over, Torey Krug is back on ice.
19:11 of 2nd period - Icing by Torey Krug.
19:12 of 2nd period - Gabriel Landeskog wins face-off versus Eric Staal in Bruins zone.
19:19 of 2nd period - Slapshot by Zack Kassian.
19:19 of 2nd period - Shot Blocked by Eric Staal.
19:31 of 2nd period - Wrist shot by Torey Krug.
19:31 of 2nd period - Shot Misses the Net.
Goals for this period are 3 for Bruins vs 2 for Flames.
Shots for this period are 17 for Bruins vs 16 for Flames.
3rd period
0:01 of 3rd period - Eric Staal wins face-off versus Jonathan Toews in neutral zone.
0:27 of 3rd period - Jason Demers is hit by Sami Vatanen and loses puck.
0:37 of 3rd period - Snap shot by Esa Lindell.
0:37 of 3rd period - Stopped by Kevin Poulin with a rebound.
0:39 of 3rd period - Slapshot by Christian Folin.
0:39 of 3rd period - Shot Blocked by Madison Bowey.
0:41 of 3rd period - Slapshot by Christian Folin.
0:41 of 3rd period - Stopped by Kevin Poulin with a rebound.
0:54 of 3rd period - Madison Bowey is hit by Jake DeBrusk.
1:32 of 3rd period - Wrist shot by Bryan Rust.
1:32 of 3rd period - Shot Misses the Net.
1:55 of 3rd period - Tanner Pearson is hit by Wojtek Wolski.
2:00 of 3rd period - Off-side.
2:01 of 3rd period - Patrik Berglund wins face-off versus Casey Cizikas in neutral zone.
2:04 of 3rd period - Slapshot by Erik Johnson.
2:04 of 3rd period - Deflect By Tanner Pearson.
2:04 of 3rd period - Stopped by Kevin Poulin with a rebound.
2:18 of 3rd period - Snap shot by Casey Cizikas.
2:18 of 3rd period - Shot Blocked by Tanner Pearson.
2:49 of 3rd period - Slapshot by Adam Pelech.
2:49 of 3rd period - Deflect By Gabriel Landeskog.
2:49 of 3rd period - Stopped by Christopher Gibson without a rebound.
2:50 of 3rd period - Kyle Palmieri wins face-off versus Jonathan Toews in Flames zone.
3:03 of 3rd period - Wrist shot by Jake DeBrusk.
3:03 of 3rd period - Deflect By Kyle Palmieri.
3:03 of 3rd period - Goal by Kyle Palmieri - Bruins : 3 - Flames : 4.
3:04 of 3rd period - Jonathan Toews wins face-off versus Eric Staal in neutral zone.
3:07 of 3rd period - Eric Staal is hit by Madison Bowey and loses puck.
3:12 of 3rd period - Wrist shot by Jonathan Toews.
3:12 of 3rd period - Shot Misses the Net.
3:14 of 3rd period - Wrist shot by Gabriel Landeskog.
3:14 of 3rd period - Shot Misses the Net.
3:16 of 3rd period - Wrist shot by Jason Demers.
3:16 of 3rd period - Stopped by Christopher Gibson with a rebound.
3:18 of 3rd period - Slapshot by Zack Kassian.
3:18 of 3rd period - Shot Misses the Net.
3:20 of 3rd period - Snap shot by Zack Kassian.
3:20 of 3rd period - Goal by Zack Kassian - Bruins : 4 - Flames : 4.
3:21 of 3rd period - Eric Staal wins face-off versus Jonathan Toews in neutral zone.
3:35 of 3rd period - Slapshot by Sami Vatanen.
3:35 of 3rd period - Shot Blocked by Jason Demers.
4:16 of 3rd period - Sami Vatanen is hit by Torey Krug and loses puck.
4:53 of 3rd period - Slapshot by Sami Vatanen.
4:53 of 3rd period - Shot Blocked by Jason Demers.
5:21 of 3rd period - Snap shot by Eric Staal.
5:21 of 3rd period - Stopped by Kevin Poulin without a rebound.
5:22 of 3rd period - Eric Staal wins face-off versus Casey Cizikas in Bruins zone.
6:51 of 3rd period - Wrist shot by Gabriel Landeskog.
6:51 of 3rd period - Stopped by Christopher Gibson without a rebound.
6:52 of 3rd period - Jonathan Toews wins face-off versus Eric Staal in Flames zone.
7:05 of 3rd period - Christian Folin is hit by Torey Krug and loses puck.
7:16 of 3rd period - Esa Lindell is hit by Torey Krug and loses puck.
7:52 of 3rd period - Snap shot by Bryan Rust.
7:52 of 3rd period - Shot Misses the Net.
7:56 of 3rd period - Wrist shot by Eric Staal.
7:56 of 3rd period - Shot Hit the Post.
7:58 of 3rd period - Snap shot by Brad Marchand.
7:58 of 3rd period - Stopped by Kevin Poulin with a rebound.
8:00 of 3rd period - Slapshot by Brad Marchand.
8:00 of 3rd period - Stopped by Kevin Poulin with a rebound.
8:02 of 3rd period - Slapshot by Esa Lindell.
8:02 of 3rd period - Shot Misses the Net.
8:04 of 3rd period - Wrist shot by Eric Staal.
8:04 of 3rd period - Shot Misses the Net.
8:22 of 3rd period - Bryan Rust is hit by Jonathan Toews.
8:28 of 3rd period - Slapshot by Esa Lindell.
8:28 of 3rd period - Deflect By Torey Krug.
8:28 of 3rd period - Stopped by Kevin Poulin with a rebound.
9:10 of 3rd period - Snap shot by Gabriel Landeskog.
9:10 of 3rd period - Stopped by Christopher Gibson with a rebound.
9:16 of 3rd period - Wrist shot by Bryan Rust.
9:16 of 3rd period - Shot Blocked by Torey Krug.
9:36 of 3rd period - Snap shot by Bryan Rust.
9:36 of 3rd period - Shot Blocked by Josh Manson.
9:38 of 3rd period - Snap shot by Esa Lindell.
9:38 of 3rd period - Stopped by Kevin Poulin with a rebound.
9:40 of 3rd period - Wrist shot by Bryan Rust.
9:40 of 3rd period - Goal by Bryan Rust - Bruins : 4 - Flames : 5.
9:41 of 3rd period - Patrik Berglund wins face-off versus Wojtek Wolski in neutral zone.
9:46 of 3rd period - Slapshot by Patrik Berglund.
9:46 of 3rd period - Stopped by Kevin Poulin with a rebound.
9:48 of 3rd period - Snap shot by Tanner Pearson.
9:48 of 3rd period - Stopped by Kevin Poulin without a rebound.
9:49 of 3rd period - Alexander Wennberg wins face-off versus Patrik Berglund in Bruins zone.
10:29 of 3rd period - Off-side.
10:30 of 3rd period - Casey Cizikas wins face-off versus Kyle Palmieri in neutral zone.
10:37 of 3rd period - Kyle Palmieri is hit by Adam Pelech and loses puck.
10:56 of 3rd period - Alexander Wennberg is hit by David Ullstrom and loses puck.
11:07 of 3rd period - Backhand shot by Anders Lee.
11:07 of 3rd period - Shot Misses the Net.
13:01 of 3rd period - Christian Folin is hit by Andreas Athanasiou and loses puck.
13:10 of 3rd period - Minor Penalty to Josh Manson for Slashing.
13:11 of 3rd period - Eric Staal wins face-off versus Gabriel Landeskog in Bruins zone.
13:20 of 3rd period - Wrist shot by Jimmy Hayes.
13:20 of 3rd period - Shot Blocked by Madison Bowey.
13:22 of 3rd period - Wrist shot by Jake DeBrusk.
13:22 of 3rd period - Stopped by Kevin Poulin with a rebound.
13:24 of 3rd period - Slapshot by Christian Folin.
13:24 of 3rd period - Shot Blocked by Zack Kassian.
15:10 of 3rd period - Penalty to Josh Manson is over, Josh Manson is back on ice.
15:18 of 3rd period - Madison Bowey is hit by Bryan Rust and loses puck.
16:02 of 3rd period - Minor Penalty to Craig Smith for Hooking.
16:03 of 3rd period - Jimmy Hayes wins face-off versus Zack Kassian in Bruins zone.
17:06 of 3rd period - Erik Johnson is hit by Jason Demers and loses puck.
17:25 of 3rd period - Minor Penalty to Patrik Berglund for Goalie Interference.
17:26 of 3rd period - Gabriel Landeskog wins face-off versus Eric Staal in Flames zone.
17:51 of 3rd period - Erik Johnson is hit by Eric Wellwood and loses puck.
18:02 of 3rd period - Penalty to Craig Smith is over, Craig Smith is back on ice.
18:08 of 3rd period - Snap shot by Craig Smith.
18:08 of 3rd period - Shot Misses the Net.
18:10 of 3rd period - Slapshot by Madison Bowey.
18:10 of 3rd period - Shot Misses the Net.
18:12 of 3rd period - Wrist shot by Craig Smith.
18:12 of 3rd period - Deflect By Eric Wellwood.
18:12 of 3rd period - Shot Misses the Net.
18:12 of 3rd period - Puck is out of play.
18:13 of 3rd period - Bryan Rust wins face-off versus Alexander Wennberg in Flames zone.
19:25 of 3rd period - Penalty to Patrik Berglund is over, Patrik Berglund is back on ice.
19:36 of 3rd period - Erik Johnson is hit by Jonathan Toews and loses puck.
19:39 of 3rd period - Bruins, Kevin Poulin is pulled from the net.
19:43 of 3rd period - Wrist shot by Jonathan Toews.
19:43 of 3rd period - Shot Misses the Net.
19:45 of 3rd period - Slapshot by Jonathan Toews.
19:45 of 3rd period - Shot Misses the Net.
19:47 of 3rd period - Wrist shot by Jason Demers.
19:47 of 3rd period - Shot Blocked by Bryan Rust.
19:49 of 3rd period - Wrist shot by Jonathan Toews.
19:49 of 3rd period - Shot Misses the Net.
19:51 of 3rd period - Wrist shot by Jason Demers.
19:51 of 3rd period - Shot Blocked by Bryan Rust.
19:53 of 3rd period - Snap shot by Jason Demers.
19:53 of 3rd period - Stopped by Christopher Gibson with a rebound.
Goals for this period are 1 for Bruins vs 2 for Flames.
Shots for this period are 6 for Bruins vs 13 for Flames.